 Dungeon Crawl Stone Soup version 0.31-a0-152-g6aa68a64a1 (webtiles) character file.

Game seed: 17101358762665809522

296 qw the Shooter (level 6, 0/53 HPs)
             Began as a Minotaur Hunter on June 9, 2023.
             Slain by Prince Ribbit (17 damage)
             ... on level 5 of the Dungeon.
             The game lasted 00:01:13 (3275 turns).

qw the Shooter (Minotaur Hunter)                    Turns: 3275, Time: 00:01:14

Health: 0/53       AC:  5    Str: 15    XL:     6   Next: 12%
Magic:  5/5        EV: 16    Int:  6    God:
Gold:   205        SH:  0    Dex: 16    Spells: 5/5 levels left

rFire   . . .        Y - +0 shortbow (freeze)
rCold   . . .        (shield currently unavailable)
rNeg    . . .        g - +0 ring mail
rPois   +            (helmet restricted)
rElec   .            (no cloak)
rCorr   .            (no gloves)
SInv    .            (no boots)
Will    .....        (no amulet)
Stlth   +            d - +5 ring of evasion
HPRegen 0.28/turn    l - ring of poison resistance
MPRegen 0.09/turn

%: no passive effects
@: no status effects
A: horns 2, retaliatory headbutt
a: no special abilities


You were on level 5 of the Dungeon.
You visited 1 branch of the dungeon, and saw 5 of its levels.

You collected 205 gold pieces.


Innate Abilities, Weirdness & Mutations

You have a pair of horns on your head.
You reflexively headbutt those who attack you in melee.


   Skills:
 - Level 4.7 Fighting
 + Level 7.1 Ranged Weapons
 - Level 1.1 Armour
 - Level 2.1 Dodging
 - Level 0.7 Stealth


You had 5 spell levels left.
You didn't know any spells.
Your spell library was empty.

Inventory:

Hand Weapons
 Y - a +0 shortbow of freezing (weapon)
Armour
 g - a +0 ring mail (worn)
Jewellery
 d - a +5 ring of evasion (left hand)
 f - a ring of ice
 l - a ring of poison resistance (right hand)
 n - a ring of see invisible
Scrolls
 a - a scroll of identify
Potions
 e - a potion of haste
 h - 2 potions of curing
 i - a potion of resistance
 j - a potion of mutation

Dungeon Overview and Level Annotations

Branches:
Dungeon (5/15)
 Temple: D:4-7

Altars:
Uskayaw

Annotations:
D:5 Prince Ribbit


Message History

You shoot an arrow. The arrow hits the ogre.
The arrow freezes the ogre.
The ogre is almost dead.
The ogre barely misses you.
You shoot an arrow. The arrow hits the ogre.
The arrow freezes the ogre.
The ogre is almost dead.
Prince Ribbit blinks!
You hear some strange, mumbled words.
You are confused.
The ogre hits you with a +0 giant spiked club!!
An orc comes into view. It is wielding a +0 hand axe.
3269 ||| DRINKING 3 potions of curing.
You feel better.
3269 ||| (to cure confusion)
Something hits you but does no damage.
You shoot an arrow. The arrow hits the ogre.
The arrow freezes the ogre.
You kill the ogre!
Something hits you but does no damage. Prince Ribbit closely misses you.
Your Ranged Weapons skill increases to level 7!
You have reached level 6!
You shoot an arrow. The arrow hits Prince Ribbit.
Prince Ribbit seems to slow down.
The arrow freezes Prince Ribbit.
Prince Ribbit is lightly wounded.
The orc hits you with a +0 hand axe. Something hits you.
Prince Ribbit closely misses you.
You shoot an arrow. The arrow hits Prince Ribbit.
Prince Ribbit seems to slow down.
The arrow freezes Prince Ribbit.
Prince Ribbit is moderately wounded.
The orc hits you but does no damage. Something hits you but does no damage.
Prince Ribbit hits you but does no damage.
The orc barely misses you. You furiously retaliate!
You headbutt the orc. Something hits you but does no damage.
You shoot an arrow. The arrow hits the orc.
The arrow freezes the orc.
You kill the orc!
Prince Ribbit misses you. Something hits you.
You shoot an arrow. The arrow hits Prince Ribbit.
The arrow freezes Prince Ribbit.
Prince Ribbit is heavily wounded.
Prince Ribbit hits you! Something hits you.
You shoot an arrow. The arrow closely misses Prince Ribbit.
Prince Ribbit hits you!
You die...

# # #.######)#
####...F@)..###.
.[......<.......
.....##.########
###. #.# #.. ###


You could see Prince Ribbit (slow).

Vanquished Creatures
  An ogre (D:5)
  A scorpion (D:4)
  3 gnolls (D:4)
  2 adders
  2 worms (D:2)
  3 dart slugs
  7 orcs
  8 endoplasms
  6 giant cockroaches
  7 goblins
  6 hobgoblins
  3 jackals (D:4)
  12 kobolds
  2 quokkas (D:1)
  11 ball pythons
  8 bats
  3 frilled lizards
  5 rats
90 creatures vanquished.

Notes
Turn   | Place    | Note
-------+----------+-------------------------------------------
     0 | D:1      | qw the Minotaur Hunter began the quest for the Orb.
     0 | D:1      | Reached XP level 1. HP: 18/18 MP: 0/0
     0 | D:1      | 0 ||| qw: Version: 0.2-a-122-gbc61b45
     0 | D:1      | 0 ||| qw: Game counter: 3357
     0 | D:1      | 0 ||| qw: Always use a shield: true
     0 | D:1      | 0 ||| qw: God list: Okawaru
     0 | D:1      | 0 ||| qw: Allow faded altars: false
     0 | D:1      | 0 ||| qw: Do Orc after D:15 true
     0 | D:1      | 0 ||| qw: Do second Lair branch before Depths: true
     0 | D:1      | 0 ||| qw: Lair rune preference: random
     0 | D:1      | 0 ||| qw: Plans: Normal
     0 | D:1      | 0 ||| PLANNING D:1-11
   135 | D:1      | Reached XP level 2. HP: 25/25 MP: 1/1
   143 | D:1      | Reached skill level 5 in Ranged Weapons
   343 | D:1      | Reached skill level 3 in Fighting
   487 | D:1      | You fall into a shaft and drop 1 floor!
   494 | D:2      | Reached XP level 3. HP: 31/31 MP: 2/2
   577 | D:2      | 577 ||| UPGRADING to +0 ring mail.
   590 | D:2      | Reached skill level 1 in Armour
   591 | D:2      | 591 ||| DROPPING +0 leather armour.
   592 | D:2      | 592 ||| READING 2 scrolls labelled FIDEGG ENYDD.
   593 | D:2      | 593 ||| READING scroll labelled VENYGHINEE.
   594 | D:2      | 594 ||| DROPPING scroll of butterflies.
   715 | D:1      | Found a faded altar of an unknown god.
   831 | D:1      | 831 ||| DRINKING 2 fizzy yellow potions.
  1078 | D:2      | Reached XP level 4. HP: 38/38 MP: 3/3
  1481 | D:2      | 1481 ||| READING scroll labelled JYUROMMEOPI.
  1482 | D:2      | 1482 ||| READING scroll labelled XYILOT ZIASE.
  1483 | D:2      | 1483 ||| READING scroll labelled GEOSTE VYPOTAR.
  1484 | D:2      | 1484 ||| READING scroll labelled FURRUH KAGI.
  1813 | D:3      | Reached skill level 6 in Ranged Weapons
  1959 | D:3      | Found a hide-covered altar of Uskayaw.
  2227 | D:3      | 2227 ||| READING scroll labelled HYEDYUHISA.
  2296 | D:3      | 2296 ||| READING scroll labelled ICOALO ITAGROS.
  2297 | D:3      | 2297 ||| READING 5 scrolls of identify.
  2297 | D:3      | 2297 ||| IDENTIFYING fizzy coppery potion
  2298 | D:3      | 2298 ||| READING 4 scrolls of identify.
  2298 | D:3      | 2298 ||| IDENTIFYING lumpy clear potion
  2299 | D:3      | 2299 ||| READING 3 scrolls of identify.
  2299 | D:3      | 2299 ||| IDENTIFYING fizzy dark potion
  2300 | D:3      | 2300 ||| READING 2 scrolls of identify.
  2300 | D:3      | 2300 ||| IDENTIFYING clear potion
  2301 | D:3      | 2301 ||| DROPPING potion of degeneration.
  2302 | D:3      | 2302 ||| DROPPING potion of invisibility.
  2347 | D:4      | 2347 ||| STAIRDANCE
  2478 | D:4      | Noticed a scorpion
  2481 | D:4      | Killed a scorpion
  2482 | D:4      | Reached XP level 5. HP: 47/47 MP: 4/4
  3142 | D:4      | 3142 ||| DROPPING ring of ice.
  3143 | D:4      | 3143 ||| UPGRADING to +5 ring of evasion.
  3144 | D:4      | 3144 ||| UPGRADING to ring of poison resistance.
  3145 | D:4      | 3145 ||| READING scroll labelled JAIHEM REUMUO.
  3146 | D:4      | 3146 ||| DRINKING 2 dark potions.
  3147 | D:4      | 3147 ||| READING 3 scrolls of identify.
  3147 | D:4      | 3147 ||| IDENTIFYING ruby potion
  3148 | D:4      | 3148 ||| READING 2 scrolls of identify.
  3148 | D:4      | 3148 ||| IDENTIFYING coppery potion
  3149 | D:4      | 3149 ||| DROPPING potion of enlightenment.
  3150 | D:4      | 3150 ||| DROPPING potion of berserk rage.
  3156 | D:5      | Entered Level 5 of the Dungeon
  3157 | D:5      | 3157 ||| STAIRDANCE
  3263 | D:5      | Noticed an ogre
  3266 | D:5      | Noticed Prince Ribbit
  3269 | D:5      | 3269 ||| DRINKING 3 potions of curing.
  3269 | D:5      | 3269 ||| (to cure confusion)
  3270 | D:5      | Killed an ogre
  3271 | D:5      | Reached skill level 7 in Ranged Weapons
  3271 | D:5      | Reached XP level 6. HP: 35/53 MP: 5/5
  3275 | D:5      | Slain by Prince Ribbit

Levels and vault maps discovered:
D:1:      lightli_arrival_statuegarden, layout_basic,
          shapermc_ecumenical_altar_mp_vishouse
D:2:      layout_basic
D:3:      layout_basic, mainiacjoe_overflow_catwalk, serial_curves,
          eino_curves_02, eino_curves_02, eino_curves_01, eino_curves_02
D:4:      layout_cave_pods
D:5:      layout_loops_ring, minmay_temple_entry_arrows, st_stairs_9,
          uniq_prince_ribbit1

Skill      XL: |  1  2  3  4  5 |
---------------+----------------+-----
Ranged Weapons | 5 6 7 |  7.1
Fighting       | 3 4 |  4.7
Armour         | 1 |  1.1
Dodging        | |  2.1
Stealth        | |  0.7

Action                     |  1- 3 |  4- 6 || total
---------------------------+-------+-------++-------
   Fire: Shortbow          |   135 |   103 ||   238
    Use: Scroll            |     2 |    13 ||    15
         Potion            |     1 |     2 ||     3
 Armour: Leather armour    |     4 |       ||     4
         Ring mail         |     5 |    18 ||    23
  Dodge: Dodged            |    18 |    22 ||    40

Table legend:
 A = Non-vault XP
 B = Vault XP
 C = Vault XP percentage of total XP
 D = Non-vault monster count
 E = Vault monster count
 F = Vault count percentage of total count
                 A         B        C        D         E       F
            +---------+---------+-------+---------+---------+-------
      Total |     423 |       0 |   0.0 |      90 |       0 |   0.0
            +---------+---------+-------+---------+---------+-------
        D:1 |      48 |       0 |   0.0 |      28 |       0 |   0.0
        D:2 |      55 |       0 |   0.0 |      22 |       0 |   0.0
        D:3 |      37 |       0 |   0.0 |      14 |       0 |   0.0
        D:4 |     165 |       0 |   0.0 |      23 |       0 |   0.0
        D:5 |     118 |       0 |   0.0 |       3 |       0 |   0.0
            +---------+---------+-------+---------+---------+-------
